 Dungeon Crawl Stone Soup version 0.28.0-43-g3370ac3207 (webtiles) character file.

Game seed: 276867858279354580

2221 adizb the Skirmisher (level 9, 0/74 HPs)
             Began as a Demonspawn Fighter on Mar 8, 2022.
             Was a Follower of Makhleb.
             Killed from afar by an acid dragon (24 damage)
             ... with a splash of acid
             ... on level 6 of the Dungeon.
             The game lasted 00:31:28 (6212 turns).

adizb the Skirmisher (Demonspawn Fighter)           Turns: 6212, Time: 00:31:29

Health: 0/74       AC: 11    Str: 19    XL:     9   Next: 13%
Magic:  9/9        EV:  7    Int: 10    God:    Makhleb [*.....]
Gold:   225        SH:  5    Dex: 14    Spells: 8/8 levels left

rFire   . . .      SeeInvis .   A - +2 whip (flame)
rCold   . . .      Faith    .   c - +0 buckler
rNeg    + . .      Spirit   .   f - +1 chain mail {rN+}
rPois   .          Reflect  .   (no helmet)
rElec   .          Harm     .   (no cloak)
rCorr   .          Rampage  .   y - +0 pair of gloves
Will    .....                   (no boots)
Stlth   ..........              (no amulet)
HPRegen 0.22/turn               (no ring)
MPRegen 0.22/turn               (no ring)

@: corroded
A: hooves 1, thin metallic scales 2, magic regeneration
a: Renounce Religion


You were on level 6 of the Dungeon.
You worshipped Makhleb.
Makhleb was aware of your devotion.
You visited 2 branches of the dungeon, and saw 8 of its levels.

You collected 225 gold pieces.

Inventory:

Hand Weapons
 a - a +0 flail
 v - a +1 hunting sling of freezing
 A - a +2 whip of flaming (weapon)
Missiles
 h - 2 poisoned darts
 i - 44 sling bullets
 j - 149 stones (quivered)
 m - 4 boomerangs of dispersal
 u - a boomerang
Armour
 c - a +0 buckler (worn)
 f - a +1 chain mail of positive energy (worn)
 o - the +0 leather armour of the Equator {rN++ Dex+10}
   (You found it on level 4 of the Dungeon)

   Dex:       It affects your dexterity (+10).
   rN:        It greatly protects you from negative energy.
 y - a +0 pair of gloves (worn)
Magical Staves
 b - a staff of conjuration
Wands
 n - a wand of paralysis (4)
 p - a wand of iceblast (9)
Scrolls
 e - 2 scrolls of teleportation
 k - a scroll of identify
 l - 2 scrolls of summoning {unknown}
 r - a scroll of enchant weapon {unknown}
 s - a scroll of amnesia {unknown}
 t - a scroll of magic mapping
 w - a scroll of brand weapon
 x - a scroll of enchant armour {unknown}
 z - a scroll of blinking {unknown}
 C - a scroll of fear {unknown}
Potions
 d - a potion of heal wounds
 g - a potion of curing
 q - a potion of flight
 B - a potion of ambrosia {unknown}


   Skills:
 * Level 7.9 Fighting
 + Level 4.9 Maces & Flails
 + Level 3.2 Slings
 + Level 5.4 Armour
 + Level 5.4 Shields


You had 8 spell levels left.
You didn't know any spells.
Your spell library contained the following spells:

 Spells                   Type           Power      Damage    Failure   Level
 Animate Skeleton         Necr           0%         N/A       99%         1
 Apportation              Tloc           0%         N/A       99%         1
 Summon Small Mammal      Summ           0%         N/A       99%         1
 Stone Arrow              Conj/Erth      0%         3d7       100%        3
 Animate Armour           Summ/Erth      0%         N/A       100%        4
 Lehudib's Crystal Spear  Conj/Erth      0%         10d2      100%        8


Dungeon Overview and Level Annotations

Branches:
Dungeon (7/15)             Temple (1/1) D:4

Altars:
Ashenzari
Cheibriados
Dithmenos
Elyvilon
Fedhas
Gozag
Hepliaklqana
Kikubaaqudgha
Makhleb
Nemelex Xobeh
Okawaru
Qazlal
Ru
Sif Muna
Uskayaw
Vehumet
Wu Jian
Xom
Yredelemnul
Zin
The Shining One


Innate Abilities, Weirdness & Mutations

You have large cloven feet.
You are mostly covered in thin metallic scales. (AC +3)
You regenerate magic rapidly.


Message History

You are too injured to fight recklessly!
Fire: 48 sling bullets
Press: ? - help, Q - select action, (/) - cycle Shift-Dir - straight line, f/p - acid dragon
Aim: an acid dragon (heavily wounded, catching its breath, 64% to hit)
You shoot a sling bullet.
The sling bullet hits the acid dragon but does no damage.
The acid dragon is heavily wounded.
The acid dragon barely misses you.
The acid dragon claws you but does no damage.
The acid dragon barely misses you.
The acid dragon claws you but does no damage.
Fire: 47 sling bullets
Press: ? - help, Q - select action, (/) - cycle Shift-Dir - straight line, f/p - acid dragon
Aim: an acid dragon (heavily wounded, catching its breath, 64% to hit)
You shoot a sling bullet. The sling bullet hits the acid dragon.
The sling bullet freezes the acid dragon.
The acid dragon is severely wounded.
The acid dragon bites you but does no damage.
The acid dragon claws you but does no damage.
Fire: 46 sling bullets
Press: ? - help, Q - select action, (/) - cycle Shift-Dir - straight line, f/p - acid dragon
Aim: an acid dragon (severely wounded, catching its breath, 64% to hit)
You shoot a sling bullet.
The sling bullet closely misses the acid dragon.
The acid dragon bites you.
The acid dragon claws you but does no damage.
Fire: 45 sling bullets
Press: ? - help, Q - select action, (/) - cycle Shift-Dir - straight line, f/p - acid dragon
Aim: an acid dragon (severely wounded, 64% to hit)
You shoot a sling bullet.
The sling bullet closely misses the acid dragon.
The acid dragon bites you! The acid dragon closely misses you.
Your +1 hunting sling of freezing stops glowing.
Your +2 whip of flaming bursts into flame!
A - a +2 whip of flaming (weapon)
You closely miss the acid dragon.
The acid dragon is severely wounded.
The acid dragon spits acid at you. The splash of acid hits you!!
You die...

..............(.##
##.....#..(((....###
...................#
############(.....##
#(.....# ##.(..###
###..##.# # #...D#..##
## #....@...## .#
#......#..# #.#
#......#..# #
#.........#
###.##....#
############........##
.#.......#.........##
...#†....#......#..#
...#.....#....######


You could see an acid dragon (catching breath).

Vanquished Creatures
  Pikel (D:5)
  A troll (D:6)
  Eustachio (D:6)
  A water moccasin (D:3)
  A sky beast (D:5)
  A hornet zombie (D:3)
  A necrophage (D:6)
  3 ogres
  A phantom (D:4)
  3 lemures
  A gnoll sergeant (D:5)
  2 scorpions
  A water moccasin zombie (D:6)
  A jelly (D:3)
  2 hounds
  3 iguanas
  Terence (D:3)
  2 orc wizards
  A hound skeleton (D:5)
  4 gnolls
  2 howler monkey skeletons (D:5)
  9 adders
  A white imp (D:6)
  2 adder skeletons
  3 worms
  2 dart slugs
  7 orcs
  7 ball pythons
  4 bats
  4 endoplasms
  2 giant cockroaches (D:1)
  3 goblins
  10 hobgoblins
  2 jackals (D:1)
  9 kobolds
  3 quokkas
  3 frilled lizards
  10 rats
115 creatures vanquished.

Vanquished Creatures (others)
  2 plants
2 creatures vanquished.

Grand Total: 117 creatures vanquished

Notes
Turn   | Place    | Note
-------+----------+-------------------------------------------
     0 | D:1      | adizb the Demonspawn Fighter began the quest for the Orb.
     0 | D:1      | Reached XP level 1. HP: 18/18 MP: 1/1
   123 | D:1      | Gained mutation: You have large cloven feet. [demonic
                  | ancestry]
   123 | D:1      | Reached XP level 2. HP: 12/24 MP: 2/2
   505 | D:1      | Gained mutation: You are partially covered in thin metallic
                  | scales. (AC +2) [demonic ancestry]
   505 | D:1      | Reached XP level 3. HP: 29/29 MP: 3/3
   789 | D:2      | Found a faded altar of an unknown god.
  1214 | D:2      | Gained mutation: You regenerate magic rapidly. [demonic
                  | ancestry]
  1214 | D:2      | Reached XP level 4. HP: 31/37 MP: 4/4
  1791 | D:3      | Reached skill level 4 in Fighting
  1802 | D:3      | Noticed Terence
  1814 | D:3      | Killed Terence
  1909 | D:3      | Reached XP level 5. HP: 7/42 MP: 5/5
  2707 | D:3      | Noticed a water moccasin
  2724 | D:3      | Killed a water moccasin
  2725 | D:3      | Reached skill level 5 in Fighting
  2725 | D:3      | Reached XP level 6. HP: 15/51 MP: 6/6
  2882 | D:4      | Found a staircase to the Ecumenical Temple.
  2888 | Temple   | Entered the Ecumenical Temple
  3286 | Temple   | Became a worshipper of Makhleb the Destroyer
  3359 | D:4      | Identified the +0 leather armour of the Equator {rN++
                  | Dex+10}
  4383 | D:5      | Entered Level 5 of the Dungeon
  4447 | D:5      | Reached XP level 7. HP: 53/56 MP: 7/7
  4656 | D:5      | Reached skill level 6 in Fighting
  4656 | D:5      | Reached skill level 1 in Slings
  5069 | D:5      | Gained mutation: You are mostly covered in thin metallic
                  | scales. (AC +3) [demonic ancestry]
  5069 | D:5      | Reached XP level 8. HP: 65/65 MP: 8/8
  5354 | D:6      | Reached * piety under Makhleb
  5364 | D:6      | Noticed a troll
  5375 | D:6      | Killed a troll
  5376 | D:6      | Reached skill level 7 in Fighting
  5398 | D:6      | Noticed Pikel
  5489 | D:6      | Reached skill level 5 in Armour
  5512 | D:6      | Noticed Eustachio
  5527 | D:6      | Killed Eustachio
  5528 | D:6      | Reached skill level 5 in Shields
  5605 | D:6      | Paralysed by Pikel for 3 turns
  5620 | D:5      | Killed Pikel
  5621 | D:5      | Reached XP level 9. HP: 15/74 MP: 9/9
  6212 | D:6      | Killed from afar by an acid dragon

Illustrated notes

Levels and vault maps discovered:
D:1:      minmay_arrival_wavy_path, layout_loops_ring, minivault_25,
          chequers_big_river
D:2:      wad_crossroads, layout_basic, hellmonk_ecumenical_altar_heavens_door,
          chequers_decorated_corner, minmay_shallow_snake_nest
D:3:      layout_loops_corners, minmay_fractal_squares_diagonal_5, uniq_terence
D:4:      layout_basic, minmay_temple_entry_tees
D:5:      wander_river, layout_gridville, mainiacjoe_overflow_surrounded_room
D:6:      layout_cave_pools, uniq_pikel, uniq_eustachio, uniq_crazy_yiuf_cottage
D:7:      layout_rooms, minmay_misc_feat_square
Temple:   mainiacjoe_temple_cubbyholes

Skill      XL: |  1  2  3  4  5  6  7  8 |
---------------+-------------------------+-----
Maces & Flails | 2 3 4 |  4.9
Shields        | 3 4 5 |  5.4
Armour         | 3 4 5 |  5.4
Fighting       | 4 5 6 7 |  7.9
Slings         | 1 3 |  3.2

Action                   |  1- 3 |  4- 6 |  7- 9 || total
-------------------------+-------+-------+-------++-------
Melee: Flail             |    95 |   139 |    82 ||   316
       Kick              |     8 |    31 |    30 ||    69
       Whip              |       |       |    23 ||    23
 Fire: Hunting sling     |       |       |   112 ||   112
Throw: Dart              |       |     5 |       ||     5
       Stone             |       |     3 |       ||     3
  Use: Potion            |       |     8 |       ||     8
       Scroll            |       |     3 |     3 ||     6
Armor: Scale mail        |    15 |       |       ||    15
       Chain mail        |    36 |    85 |    99 ||   220
Dodge: Dodged            |    38 |    45 |    34 ||   117
Block: Buckler           |    23 |    30 |    28 ||    81
